 Dungeon Crawl Stone Soup version 0.31-a0-986-g5e6e4ef867 (webtiles) character file.

Game seed: 7707600049465106464

228 Lobster4 the Shooter (level 5, -14/45 (46) HPs)
             Began as a Minotaur Hunter on Nov 5, 2023.
             Demolished by an ogre
             ... wielding a +0 giant club
              (27 damage)
             ... on level 4 of the Dungeon.
             The game lasted 00:06:16 (2598 turns).

Lobster4 the Shooter (Minotaur Hunter)              Turns: 2598, Time: 00:06:16

HP:   -14/45 (46)   AC:  5    Str: 16    XL:     5   Next: 70%
MP:   4/4           EV: 12    Int:  6    God:
Gold: 185           SH:  0    Dex: 15    Spells: 4/4 levels left

rFire   . . .        a - +0 shortbow
rCold   . . .        (shield currently unavailable)
rNeg    . . .        k - +0 ring mail
rPois   .            (helmet restricted)
rElec   .            (no cloak)
rCorr   .            (no gloves)
SInv    .            (no boots)
Will    .....        (no amulet)
Stlth   +            (no ring)
HPRegen 0.27/turn    (no ring)
MPRegen 0.09/turn

%: no passive effects
@: lightly drained
A: horns 2, retaliatory headbutt
a: no special abilities


You were on level 4 of the Dungeon.
You visited 1 branch of the dungeon, and saw 4 of its levels.

You collected 185 gold pieces.

Inventory:

Hand Weapons
 a - a +0 shortbow (weapon)
 b - a +0 short sword
 h - a +0 dagger
Missiles
 q - 6 silver javelins
Armour
 c - a +0 leather armour
 k - a +0 ring mail (worn)
Magical Staves
 m - a staff of air
Wands
 s - a wand of light (8)
Scrolls
 d - a scroll of identify {unknown}
 e - a scroll of butterflies
 j - 2 scrolls of teleportation
 l - 5 scrolls of revelation {unknown}
 n - a scroll of noise {unknown}
 p - a scroll of fear {unknown}
 r - a scroll of amnesia {unknown}
Potions
 f - a potion of lignification {unknown}
 g - a potion of haste {unknown}
 i - a potion of resistance {unknown}
 o - a potion of brilliance {unknown}
 t - a potion of cancellation {unknown}


   Skills:
 + Level 3.7 Fighting
 * Level 5.8 Ranged Weapons
 + Level 1.1 Throwing
 + Level 2.5 Armour
 + Level 3.4 Dodging
 - Level 1.0 Stealth


You had 4 spell levels left.
You didn't know any spells.
Your spell library was empty.

Dungeon Overview and Level Annotations

Branches:
Dungeon (4/15)
 Temple: D:4-7

Altars:
Qazlal
Xom

Annotations:
D:3 1 runed translucent door, Naiya55's ghost, weakling FoFi


Innate Abilities, Weirdness & Mutations

You have a pair of horns on your head.
You reflexively headbutt those who attack you in melee.


Message History

You see here a +0 short sword.
There is a stone staircase leading down here.
You climb downwards.
The ogre shouts!
There is a stone staircase leading up here.
You shoot an arrow. The arrow hits the ogre.
The ogre is moderately wounded.
You shoot an arrow. The arrow closely misses the ogre.
You shoot an arrow.
The arrow hits the ogre but does no damage.
The ogre is moderately wounded.
You shoot an arrow.
The arrow hits the ogre but does no damage.
The ogre is moderately wounded.
You shoot an arrow. The arrow barely misses the ogre.
You shoot an arrow. The arrow hits the ogre!
The ogre is heavily wounded.
The ogre hits you with a +0 giant club!
You shoot an arrow. The arrow barely misses the ogre.
You shoot an arrow.
The arrow hits the ogre but does no damage.
The ogre is heavily wounded.
The ogre hits you with a +0 giant club!
You are too injured to fight recklessly!
You are too injured to fight recklessly!
You are too injured to fight recklessly!
You are too injured to fight recklessly!
You are too injured to fight recklessly!
You shoot an arrow. The arrow barely misses the ogre.
The ogre hits you with a +0 giant club!
* * * LOW HITPOINT WARNING * * *
You shoot an arrow. The arrow hits the ogre.
The ogre is severely wounded.
The ogre misses you.
You shoot an arrow.
The arrow hits the ogre but does no damage.
The ogre is severely wounded.
The ogre hits you with a +0 giant club!!
Ouch! That really hurt!
You die...

###
##.#
#.@#
#.O##
#..
#..
#..
..#
#..
#..


You could see an ogre.

Vanquished Creatures
  A phantom (D:3)
  Terence (D:2)
  2 gnolls (D:3)
  4 adders
  A worm (D:2)
  A dart slug (D:2)
  2 orcs (D:3)
  7 bats
  5 endoplasms
  5 giant cockroaches
  6 goblins
  6 hobgoblins
  7 jackals
  5 quokkas
  4 ball pythons
  3 kobolds
  6 rats
66 creatures vanquished.

Notes
Turn   | Place    | Note
-------+----------+-------------------------------------------
     0 | D:1      | Lobster4 the Minotaur Hunter began the quest for the Orb.
     0 | D:1      | Reached XP level 1. HP: 18/18 MP: 0/0
   141 | D:1      | Reached skill level 1 in Stealth
   161 | D:1      | Reached XP level 2. HP: 25/25 MP: 1/1
   239 | D:1      | Reached skill level 1 in Armour
   554 | D:2      | Noticed Terence
   654 | D:2      | Reached XP level 3. HP: 30/30 MP: 2/2
   765 | D:2      | Reached skill level 5 in Ranged Weapons
  1287 | D:2      | Killed Terence
  1288 | D:2      | Reached XP level 4. HP: 12/38 MP: 3/3
  1744 | D:3      | Noticed Naiya55's ghost (weakling FoFi)
  1748 | D:3      | Found a runed translucent door.
  1864 | D:3      | Found a stormy altar of Qazlal.
  1887 | D:3      | Noticed a phantom
  2088 | D:3      | Killed a phantom
  2089 | D:3      | Reached skill level 1 in Throwing
  2089 | D:3      | Reached XP level 5. HP: 46/46 MP: 4/4
  2164 | D:3      | Identified the +8 shortbow of Discomfort {elec, Will+}
  2267 | D:3      | Found a shimmering altar of Xom.
  2587 | D:4      | Noticed an ogre
  2598 | D:4      | Demolished by an ogre

Illustrated notes

Levels and vault maps discovered:
D:1:      dpeg_arrival_fog, layout_rooms, nicolae_concentric_dashed_squares_mild
D:2:      layout_basic, hangedman_decor_points, kennysheep_doodads, uniq_terence
D:3:      wad_woods_tower, layout_loops_corners,
          nicolae_qazlal_general_emergency, mainiacjoe_overflow_chevrons,
          hellmonk_ghost_happy_afterlife, minmay_misc_feat_cross,
          grunt_ministairs_12, hangedman_decor_riveting, st_stairs_10
D:4:      minmay_skewed_foursquare, layout_layer_cave, serial_bayou,
          serial_bayou_pond_e, serial_bayou_crossing, serial_bayou_shore_a,
          serial_bayou_pond_a, grunt_decor_cap, nicolae_shop_gadgets,
          uniq_natasha, uniq_ijyb

Skill      XL: |  1  2  3  4 |
---------------+-------------+-----
Stealth        | 1 |  1.0
Armour         | 1 2 |  2.5
Fighting       | 3 |  3.7
Ranged Weapons | 5 |  5.8
Dodging        | 3 |  3.4
Throwing       | 1 |  1.1

Action                     |  1- 3 |  4- 6 || total
---------------------------+-------+-------++-------
   Fire: Shortbow          |   122 |   104 ||   226
    Use: Scroll            |       |     1 ||     1
 Armour: Ring mail         |    37 |    29 ||    66
         Leather armour    |     3 |       ||     3
  Dodge: Dodged            |    43 |    28 ||    71

Table legend: (Time is in decaauts)
 A = Elapsed time spent in this place.
 B = Non-inter-level travel time spent in this place.
 C = Inter-level travel time spent in this place.
 D = Time resting spent in this place.
 E = Time spent auto-exploring this place.
 F = Levels seen in this place.
 G = Mean time per level.
                   A        B        C        D        E       F      G
               +--------+--------+--------+--------+--------+-----+--------+
         Total |   2650 |   2488 |    162 |     78 |   1857 |   4 |  662.5 |
       Dungeon |   2650 |   2488 |    162 |     78 |   1857 |   4 |  662.5 |
               +--------+--------+--------+--------+--------+-----+--------+

Top non-repeatable levels by time:
     D:3: 1080 daAuts
     D:2: 931 daAuts
     D:1: 626 daAuts
     D:4: 12 daAuts
